AoeStats
← uyg.games

Arabia

503536017Analyzed
1v1 RM · 1mo ago on Sep 1, 2026· 21m 49s· 2 players
Game mode
Random Map
Map size
Tiny (2 player)
Population
200
Speed
Normal
Resources
Standard
Victory
Conquest
Starting age
Dark Age
Ending age
Imperial Age
RankedLock teamsTeams togetherTeam positionsShared explorationLock speedFull tech treeHidden civsTurbo modeCheats
Victory
Defeat
🇭🇰 Magyars · Hong Kong SAR China
1285
+14
🇺🇸 Goths · United States
1243
-14
uyg.games
Duckkk
6:29 Loom
9:04 Feudal Age
9:43 Double-Bit Axe
9:39 Horse Collar
19:20 Castle Age
17:46 Gold Mining
21:29 Bow Saw
22:50 Wheelbarrow
Connection lost

Rejoining the realm…

Still unreachable

The connection could not be restored.

Session expired

The server has moved on; the page needs a fresh start.